MLB
NEW YORK METS @ WASHINGTON NATIONALS
08/26/2046
 
TOP OF THE 1ST
New York Mets batting - Pitching for Washington Nationals : RHP Brian Ramirez
Pitching: RHP Brian Ramirez
Batting: SHB Nelle van den Berg 0-0: Called Strike
0-1: Ball
1-1: SINGLE (Line Drive, 4MD, EV 100.0 MPH)
Batting: LHB Kevin Bellman 0-0: Called Strike
0-1: Foul Ball, location: 2F
0-2: Grounds out, U3 (Groundball, 3L, EV 100.6 MPH)
Batting: SHB Sean Cook 0-0: Called Strike
0-1: Swinging Strike
0-2: Ball
1-2: Ball
2-2: Foul Ball, location: 2F
2-2: Strikes out swinging
Batting: SHB Gus Berry 0-0: Called Strike
0-1: Called Strike
0-2: Ball
1-2: Ball
2-2: Foul Ball, location: 2F
2-2: Ball
3-2: Foul Ball, location: 2F
3-2: Base on Balls
Batting: SHB Jonathan Jenkins 0-0: Called Strike
0-1: Ball
1-1: Foul Ball, location: 2F
1-2: Strikes out swinging
Top of the 1st over - 0 runs, 1 hit, 0 errors, 2 left on base; New York 0 - Washington 0
BOTTOM OF THE 1ST
Washington Nationals batting - Pitching for New York Mets : RHP Chris Painter
Pitching: RHP Chris Painter
Batting: RHB Dave Vargas 0-0: Ball
1-0: Ball
2-0: Foul Ball, location: 2F
2-1: SINGLE (Line Drive, 8RS, EV 94.4 MPH)
Batting: RHB Adam Burke 0-0: Ball
Wild Pitch!
Dave Vargas to second
1-0: Fly out, F9 (Line Drive, 9S, EV 95.6 MPH)
Batting: LHB R.J. O'Brien 0-0: Called Strike
0-1: Ball
1-1: Ball
2-1: SINGLE (Line Drive, 89S, EV 95.6 MPH)
Dave Vargas to third
Runner from 3rd tries for Home, SAFE, throw by RF to home
Batting: RHB John Sanders 0-0: Ball
1-0: Swinging Strike
1-1: Swinging Strike
1-2: Strikes out looking
Batting: LHB Jae-ik Soung 0-0: Ball
1-0: Called Strike
1-1: Foul Ball, location: 2F
1-2: Foul Ball, location: 2F
1-2: Ball
2-2: Ground out 4-3 (Groundball, 13, EV 87.5 MPH)
Bottom of the 1st over - 1 run, 2 hits, 0 errors, 1 left on base; New York 0 - Washington 1
TOP OF THE 2ND
New York Mets batting - Pitching for Washington Nationals : RHP Brian Ramirez
Batting: RHB Jeff Jank 0-0: Foul Ball, location: 2F
0-1: Ground out 5-3 (Groundball, 5S, EV 85.6 MPH)
Batting: RHB Jesus Chavez 0-0: Swinging Strike
0-1: Ball
1-1: Swinging Strike
1-2: Ground out 4-3 (Groundball, 4, EV 98.1 MPH)
Batting: LHB Sal Fernandez 0-0: Called Strike
0-1: Swinging Strike
0-2: Ball
1-2: Ball
2-2: Foul Ball, location: 2F
2-2: Fly out, F6 (Popup, 6D, EV 40.6 MPH)
Top of the 2nd over - 0 runs, 0 hits, 0 errors, 0 left on base; New York 0 - Washington 1
BOTTOM OF THE 2ND
Washington Nationals batting - Pitching for New York Mets : RHP Chris Painter
Batting: LHB Alexis Cantu 0-0: Called Strike
0-1: Ball
1-1: Called Strike
1-2: Ball
2-2: Ball
3-2: Base on Balls
Batting: RHB Kanehisa Kubo 0-0: Ball
1-0: Called Strike
1-1: Swinging Strike
1-2: Strikes out swinging
Batting: RHB Nate Dickinson 0-0: Called Strike
Pickoff Throw to First - Out! 1-3
0-1: Ball
1-1: SINGLE (Line Drive, 89S, EV 101.2 MPH)
Batting: RHB Justin Bonner 0-0: Ball
1-0: SINGLE (Groundball, 6D, EV 102.5 MPH)
Nate Dickinson to second
Runner from 2nd tries for 3rd, SAFE, throw by LF made to third
Batting: RHB Dave Vargas 0-0: Swinging Strike
0-1: Ball
1-1: Called Strike
1-2: Ball
2-2: Fielders Choice at 2nd, 6-4 (Groundball, 6, EV 87.5 MPH)
Bottom of the 2nd over - 0 runs, 2 hits, 0 errors, 2 left on base; New York 0 - Washington 1
TOP OF THE 3RD
New York Mets batting - Pitching for Washington Nationals : RHP Brian Ramirez
Batting: SHB Scott Bartholomew 0-0: Ball
1-0: Ball
2-0: Ball
3-0: Base on Balls
Batting: SHB Nelle van den Berg 0-0: Ball
1-0: DOUBLE (Flyball, 8LXD, EV 96.2 MPH)
Scott Bartholomew to third
Batting: LHB Kevin Bellman 0-0: Ball
1-0: Called Strike
1-1: Ball
2-1: Called Strike
2-2: Strikes out swinging
Batting: SHB Sean Cook 0-0: Ball
1-0: Called Strike
1-1: Ball
2-1: Ball
3-1: Ground out 6-3 (Groundball, 56, EV 98.1 MPH)
Scott Bartholomew scores
Batting: SHB Gus Berry 0-0: Ball
1-0: 2-RUN HOME RUN (Flyball, 78XD, EV 106.9 MPH), Distance : 417 ft
Batting: SHB Jonathan Jenkins 0-0: SINGLE (Line Drive, 6M, EV 98.8 MPH)
Batting: RHB Jeff Jank 0-0: Swinging Strike
0-1: Ball
1-1: Foul Ball, location: 2F
1-2: Strikes out swinging
Top of the 3rd over - 3 runs, 3 hits, 0 errors, 1 left on base; New York 3 - Washington 1
BOTTOM OF THE 3RD
Washington Nationals batting - Pitching for New York Mets : RHP Chris Painter
Batting: RHB Adam Burke 0-0: Ball
1-0: Ball
2-0: Fly out, F9 (Line Drive, 9S, EV 91.9 MPH)
Batting: LHB R.J. O'Brien 0-0: Ball
1-0: Called Strike
1-1: Swinging Strike
1-2: Ball
2-2: Ball
3-2: Foul Ball, location: 2F
3-2: SINGLE (Groundball, 25, EV 69.4 MPH) (infield hit)
Batting: RHB John Sanders 0-0: Ball
1-0: Swinging Strike
1-1: Foul Ball, location: 2F
1-2: Foul Ball, location: 2F
1-2: Foul Ball, location: 2F
1-2: Ball
2-2: Ball
3-2: Foul Ball, location: 2F
3-2: Strikes out swinging
Batting: LHB Jae-ik Soung 0-0: Ball
R.J. O'Brien steals 2nd base
1-0: Called Strike
1-1: SINGLE (Groundball, 15S, EV 65.0 MPH) (infield hit)
R.J. O'Brien to third
Batting: LHB Alexis Cantu 0-0: Ball
1-0: Called Strike
1-1: Foul Ball, location: 2F
1-2: Ball
2-2: Ball
3-2: Strikes out swinging
Bottom of the 3rd over - 0 runs, 2 hits, 0 errors, 2 left on base; New York 3 - Washington 1
TOP OF THE 4TH
New York Mets batting - Pitching for Washington Nationals : RHP Brian Ramirez
Batting: RHB Jesus Chavez 0-0: Foul Ball, location: 2F
0-1: Ball
1-1: Ball
2-1: Ball
3-1: Foul Ball, location: 2F
3-2: SINGLE (Line Drive, 89S, EV 90.6 MPH)
Batting: LHB Sal Fernandez 0-0: Called Strike
0-1: Ball
1-1: Fielders Choice at 2nd, 3-6 (Groundball, 3, EV 87.5 MPH)
Batting: SHB Scott Bartholomew 0-0: SINGLE (Line Drive, 78M, EV 86.9 MPH)
Sal Fernandez to second
Batting: SHB Nelle van den Berg 0-0: Ball
1-0: Ball
2-0: Ball
3-0: Base on Balls
Sal Fernandez to third
Scott Bartholomew to second
Batting: LHB Kevin Bellman 0-0: Swinging Strike
0-1: Ball
1-1: Ball
2-1: Ball
3-1: Called Strike
3-2: Strikes out swinging
Batting: SHB Sean Cook 0-0: Swinging Strike
0-1: Ball
1-1: Ball
2-1: Foul Ball, location: 2F
2-2: Foul Ball, location: 2F
2-2: Foul Ball, location: 2F
2-2: Ball
3-2: Fly out, F7 (Flyball, 7D, EV 87.5 MPH)
Top of the 4th over - 0 runs, 2 hits, 0 errors, 3 left on base; New York 3 - Washington 1
BOTTOM OF THE 4TH
Washington Nationals batting - Pitching for New York Mets : RHP Chris Painter
Batting: RHB Kanehisa Kubo 0-0: Bunted foul
0-1: Foul Ball, location: 2F
0-2: Ground out 5-3 (Groundball, 56, EV 100.0 MPH)
Batting: RHB Nate Dickinson 0-0: Ball
1-0: Ball
2-0: Foul Ball, location: 2F
2-1: Ball
3-1: Called Strike
3-2: Strikes out swinging
Batting: RHB Justin Bonner 0-0: Ball
1-0: Called Strike
1-1: Swinging Strike
1-2: Ball
2-2: Foul Ball, location: 2F
2-2: Ground out 6-3 (Groundball, 56, EV 110.6 MPH)
Bottom of the 4th over - 0 runs, 0 hits, 0 errors, 0 left on base; New York 3 - Washington 1
TOP OF THE 5TH
New York Mets batting - Pitching for Washington Nationals : RHP Brian Ramirez
Batting: SHB Gus Berry 0-0: Called Strike
0-1: Ground out 4-3 (Groundball, 4, EV 88.8 MPH)
Batting: SHB Jonathan Jenkins 0-0: Called Strike
0-1: Swinging Strike
0-2: Foul Ball, location: 2F
0-2: Strikes out swinging
Batting: RHB Jeff Jank 0-0: Foul Ball, location: 2F
0-1: Swinging Strike
0-2: Ball
1-2: Foul Ball, location: 2F
1-2: Foul Ball, location: 2F
1-2: Strikes out swinging
Top of the 5th over - 0 runs, 0 hits, 0 errors, 0 left on base; New York 3 - Washington 1
BOTTOM OF THE 5TH
Washington Nationals batting - Pitching for New York Mets : RHP Chris Painter
Batting: RHB Dave Vargas 0-0: Foul Ball, location: 2F
0-1: Foul Ball, location: 2F
0-2: Foul Ball, location: 2F
0-2: Ball
1-2: Foul Ball, location: 2F
1-2: Ball
2-2: Ball
3-2: Strikes out swinging
Batting: RHB Adam Burke 0-0: Ball
1-0: Ball
2-0: Called Strike
2-1: Ball
3-1: Base on Balls
Batting: LHB R.J. O'Brien 0-0: Ball
1-0: SINGLE (Line Drive, 7S, EV 105.0 MPH)
Adam Burke to second
Runner from 2nd tries for 3rd, SAFE, throw by LF made to third
Batting: RHB John Sanders 0-0: Ball
1-0: Fly out, F9 (Line Drive, 9, EV 90.0 MPH)
Batting: LHB Jae-ik Soung 0-0: Ball
R.J. O'Brien steals 2nd base
1-0: Called Strike
1-1: Ball
2-1: Foul Ball, location: 2F
2-2: Foul Ball, location: 2F
2-2: SINGLE (Line Drive, 6M, EV 101.9 MPH)
Adam Burke scores
R.J. O'Brien to third
Runner from 3rd tries for Home, SAFE, throw by CF to home
Jae-ik Soung to second
Pitching: LHP Ryan Price
Batting: LHB Alexis Cantu 0-0: Called Strike
0-1: Ball
1-1: Ground out 4-3 (Groundball, 4, EV 100.0 MPH)
Bottom of the 5th over - 2 runs, 2 hits, 0 errors, 1 left on base; New York 3 - Washington 3
TOP OF THE 6TH
New York Mets batting - Pitching for Washington Nationals : RHP Brian Ramirez
Batting: RHB Jesus Chavez 0-0: Foul Ball, location: 2F
0-1: Ball
1-1: Swinging Strike
1-2: SINGLE (Groundball, 56D, EV 98.1 MPH)
Pitching: LHP Marquise Barretti
Batting: LHB Sal Fernandez 0-0: Ball
1-0: Swinging Strike
1-1: Ball
2-1: Ball
3-1: Sac Bunt to 13 - play at first, batter OUT! 1-3
Jesus Chavez to second
Batting: SHB Scott Bartholomew 0-0: Foul Ball, location: 2F
0-1: Foul Ball, location: 2F
0-2: Strikes out looking
Batting: SHB Nelle van den Berg 0-0: Called Strike
0-1: Foul Ball, location: 2F
0-2: Ball
1-2: Strikes out swinging
Top of the 6th over - 0 runs, 1 hit, 0 errors, 1 left on base; New York 3 - Washington 3
BOTTOM OF THE 6TH
Washington Nationals batting - Pitching for New York Mets : LHP Ryan Price
Batting: RHB Kanehisa Kubo 0-0: Ball
1-0: Swinging Strike
1-1: Swinging Strike
1-2: Foul Ball, location: 2F
1-2: Foul Ball, location: 2F
1-2: Ball
2-2: Strikes out swinging
Batting: RHB Nate Dickinson 0-0: Called Strike
0-1: Swinging Strike
0-2: Ball
1-2: Foul Ball, location: 2F
1-2: Foul Ball, location: 2F
1-2: Ball
2-2: Foul Ball, location: 2F
2-2: Ground out 1-3 (Groundball, 13S, EV 66.9 MPH)
Batting: RHB Justin Bonner 0-0: Foul Ball, location: 2F
0-1: Called Strike
0-2: Ball
1-2: Ball
2-2: Strikes out looking
Bottom of the 6th over - 0 runs, 0 hits, 0 errors, 0 left on base; New York 3 - Washington 3
TOP OF THE 7TH
New York Mets batting - Pitching for Washington Nationals : LHP Marquise Barretti
Batting: LHB Kevin Bellman 0-0: Ball
1-0: Ball
2-0: Ground out 4-3 (Groundball, 4, EV 101.9 MPH)
Batting: SHB Sean Cook 0-0: Ball
1-0: Ball
2-0: Called Strike
2-1: Ball
3-1: Ground out 6-3 (Groundball, 6, EV 86.2 MPH)
Batting: SHB Gus Berry 0-0: Ball
1-0: Called Strike
1-1: Ball
2-1: Ball
3-1: Foul Ball, location: 2F
3-2: Base on Balls
Batting: SHB Jonathan Jenkins 0-0: Ball
1-0: Called Strike
Gus Berry steals 2nd base (no throw)
1-1: Fly out, F7 (Flyball, 7, EV 85.0 MPH)
Top of the 7th over - 0 runs, 0 hits, 0 errors, 1 left on base; New York 3 - Washington 3
BOTTOM OF THE 7TH
Washington Nationals batting - Pitching for New York Mets : LHP Ryan Price
Pitching: LHP Xu-gang Zhou
Batting: RHB Dave Vargas 0-0: Called Strike
0-1: Called Strike
0-2: Strikes out swinging
Batting: RHB Adam Burke 0-0: Foul Ball, location: 2F
0-1: Foul Ball, location: 2F
0-2: SINGLE (Groundball, 6MD, EV 94.4 MPH)
Batting: LHB R.J. O'Brien 0-0: Swinging Strike
0-1: Ball
1-1: Called Strike
1-2: Strikes out looking
Batting: RHB John Sanders 0-0: Called Strike
Adam Burke is caught stealing 2nd base 2-4
Bottom of the 7th over - 0 runs, 1 hit, 0 errors, 0 left on base; New York 3 - Washington 3
TOP OF THE 8TH
New York Mets batting - Pitching for Washington Nationals : LHP Marquise Barretti
Batting: RHB Jeff Jank 0-0: Ball
1-0: Ball
2-0: Ball
3-0: Base on Balls
Batting: RHB Jesus Chavez 0-0: Called Strike
0-1: Called Strike
0-2: Ball
1-2: Foul Ball, location: 2F
1-2: Foul Ball, location: 2F
1-2: Ball
2-2: Foul Ball, location: 2F
2-2: Ball
3-2: Foul Ball, location: 2F
3-2: Base on Balls
Jeff Jank to second
Pinch Hitting: SHB Roberto Magne 0-0: Ball
1-0: Fly out, F8 (Flyball, 8RS, EV 91.9 MPH)
Pitching: RHP Travis Plesz
Batting: SHB Scott Bartholomew 0-0: Ball
1-0: Fly out, F7 (Line Drive, 7S, EV 96.9 MPH)
Batting: SHB Nelle van den Berg 0-0: 3-RUN HOME RUN (Flyball, 9LD, EV 90.6 MPH), Distance : 347 ft
Batting: LHB Kevin Bellman 0-0: Swinging Strike
0-1: Foul Ball, location: 2F
0-2: Ball
1-2: Ball
2-2: SINGLE (Groundball, 5S, EV 66.9 MPH) (infield hit)
Batting: SHB Sean Cook 0-0: Called Strike
Kevin Bellman steals 2nd base
0-1: Ball
1-1: Intentional Walk
Batting: SHB Gus Berry 0-0: Ball
1-0: Foul Ball, location: 2F
1-1: Called Strike
1-2: Ball
2-2: Strikes out swinging
Top of the 8th over - 3 runs, 2 hits, 0 errors, 2 left on base; New York 6 - Washington 3
BOTTOM OF THE 8TH
Washington Nationals batting - Pitching for New York Mets : LHP Xu-gang Zhou
Now in LF: Jeff MacPhee
Batting: RHB John Sanders 0-0: Ball
1-0: Called Strike
1-1: Ball
2-1: Foul Ball, location: 2F
2-2: Foul Ball, location: 2F
2-2: Ball
3-2: Base on Balls
Batting: LHB Jae-ik Soung 0-0: 2-RUN HOME RUN (Flyball, 9D, EV 98.1 MPH), Distance : 385 ft
Pinch Hitting: RHB Danny Gerardo 0-0: Ball
1-0: Foul Ball, location: 2F
1-1: Swinging Strike
1-2: Fly out, F9 (Flyball, 89S, EV 93.1 MPH)
Batting: RHB Kanehisa Kubo 0-0: Ball
1-0: Ball
2-0: Ball
3-0: Called Strike
3-1: Called Strike
3-2: Foul Ball, location: 2F
3-2: Ground out 5-3 (Groundball, 5L, EV 88.8 MPH)
Batting: RHB Nate Dickinson 0-0: Ball
1-0: Foul Ball, location: 2F
1-1: Foul Ball, location: 2F
1-2: Ball
2-2: Ground out 4-3 (Groundball, 4, EV 82.5 MPH)
Bottom of the 8th over - 2 runs, 1 hit, 0 errors, 0 left on base; New York 6 - Washington 5
TOP OF THE 9TH
New York Mets batting - Pitching for Washington Nationals : RHP Travis Plesz
Now in RF: Danny Gerardo
Batting: SHB Jonathan Jenkins 0-0: Ball
1-0: Called Strike
1-1: Called Strike
1-2: Ball
2-2: Foul Ball, location: 2F
2-2: Ground out U3 (Groundball, 3, EV 84.4 MPH)
Batting: RHB Jeff Jank 0-0: Fly out, F9 (Flyball, 89M, EV 84.4 MPH)
Batting: RHB Jesus Chavez 0-0: Called Strike
0-1: Swinging Strike
0-2: Strikes out looking
Top of the 9th over - 0 runs, 0 hits, 0 errors, 0 left on base; New York 6 - Washington 5
BOTTOM OF THE 9TH
Washington Nationals batting - Pitching for New York Mets : LHP Xu-gang Zhou
Pitching: LHP Chris Thurner
Batting: RHB Justin Bonner 0-0: Ball
1-0: Foul Ball, location: 2F
1-1: Ball
2-1: Ball
3-1: Base on Balls
Batting: RHB Dave Vargas 0-0: Called Strike
0-1: Ball
1-1: Ball
2-1: 2-RUN HOME RUN (Flyball, 8LXD, EV 99.4 MPH), Distance : 420 ft
Bottom of the 9th over - 2 runs, 1 hit, 0 errors, 0 left on base; New York 6 - Washington 7
Tuesday, September 13th , 2022 - OOTP Baseball 23.7 Build 88